 Dungeon Crawl Stone Soup version 0.28.0 (console) character file.

Game seed: 14429473779039491756

2790 ryathie the Fighter (level 9, 0/90 HPs)
             Began as a Gargoyle Berserker on Feb 16, 2022.
             Was an Elder of Trog.
             Slain by a wyvern (14 damage)
             ... on level 9 of the Dungeon.
             The game lasted 00:14:08 (3007 turns).

ryathie the Fighter (Gargoyle Berserker)            Turns: 3007, Time: 00:14:08

Health: 0/90       AC: 20    Str: 23    XL:     9   Next: 71%
Magic:  9/9        EV:  8    Int:  8    God:    Trog [****..]
Gold:   325        SH:  0    Dex:  7    Spells: 8/8 levels left

rFire   . . .      SeeInvis .   l - +3 battleaxe {venom, +Blink rF- rN+++ Dex-4}
rCold   . . .      Faith    .   (shield currently unavailable)
rNeg    + + +      Spirit   .   p - +0 chain mail
rPois   ∞          Reflect  .   h - +1 helmet of Ateat {-Cast rElec rF+ rN+}
rElec   +          Harm     .   (no cloak)
rCorr   .          Rampage  .   (no gloves)
Will    .....      NoCast   +   g - +0 pair of boots
Stlth   ..........              (no amulet)
HPRegen 0.25/turn               (no ring)
MPRegen 0.11/turn               (no ring)

@: berserking, very quick
A: sickness immunity, AC +6, negative energy resistance 1, electricity
resistance, torment resistance 1, petrification resistance
a: Renounce Religion, Evoke Blink, Berserk, Trog's Hand, Brothers in Arms


You were on level 9 of the Dungeon.
You worshipped Trog.
Trog was greatly pleased with you.
You visited 1 branch of the dungeon, and saw 9 of its levels.
You also visited: Ossuary.

You collected 325 gold pieces.

Inventory:

Hand Weapons
 l - the +3 battleaxe "Zuoquy" (weapon) {venom, +Blink rF- rN+++ Dex-4}
   (You acquired it on level 5 of the Dungeon)

   It poisons the flesh of those it strikes.
   Dex:       It affects your dexterity (-4).
   rF:        It makes you vulnerable to fire.
   rN:        It renders you almost immune to negative energy.
   +Blink:    It lets you blink.
Armour
 g - a +0 pair of boots (worn)
 h - the +1 helmet of Ateat (worn) {-Cast rElec rF+ rN+}
   (You took it off Robin on level 4 of the Dungeon)

   rF:        It protects you from fire.
   rElec:     It insulates you from electricity.
   rN:        It protects you from negative energy.
   -Cast:     It prevents spellcasting.
 p - a +0 chain mail (worn)
Wands
 b - a wand of iceblast (15)
 j - a wand of digging (4)
Scrolls
 a - a scroll of torment {unknown}
 f - a scroll of vulnerability
 i - 2 scrolls of fear
 n - a scroll of enchant weapon {unknown}
Potions
 c - 4 potions of heal wounds {unknown}
 d - a potion of haste {unknown}
 e - 3 potions of curing
 k - 2 potions of attraction
 m - 2 potions of might {unknown}
 o - a potion of cancellation {unknown}


   Skills:
 + Level 8.3 Fighting
 * Level 8.3 Axes
 + Level 7.4 Armour
 - Level 1.7 Dodging
 - Level 2.0 Evocations


You had 8 spell levels left.
You didn't know any spells.
Your spell library was empty.

Dungeon Overview and Level Annotations

Branches:
Dungeon (9/15)             Temple (0/1) D:4         Ossuary (visited)
   Lair: D:8-11         Orc: D:9-12

Altars:
Dithmenos


Innate Abilities, Weirdness & Mutations

You are immune to sickness and miasma.
Your stone body is resilient. (AC +6)
You are immune to poison.
You resist negative energy. (rN+)
You are resistant to electric shocks. (rElec)
You are resistant to unholy torment.
You are immune to petrification.


Message History

Trog accepts your kill.
Found a twisted bronze wand.
You see here a yak corpse.
You feel a strong urge to attack something.
There is an escape hatch in the ceiling here.
You start resting.
You feel your anger nearly subside.
You are no longer berserk.
You are exhausted.
You feel yourself slow down.
You start resting.
You feel yourself speed up.
You start resting.
You recover from your berserk rage.
Found 21 gold pieces.
j - a wand of digging (4)
You hear the faint creaking of a very distant portcullis.
You now have 325 gold pieces (gained 21).
There are no items here.
Unknown command.
Unknown command.
Unknown command.
A wyvern comes into view.
The wyvern hisses angrily.
The wyvern closely misses you.
You barely miss the wyvern.
The wyvern bites you but does no damage.
The wyvern barely misses you.
You completely miss the wyvern. The wyvern bites you!
* * * LOW HITPOINT WARNING * * *
The wyvern bites you but does no damage.
A red film seems to cover your vision as you go berserk!
You feel yourself moving faster!
You feel mighty! The wyvern barely misses you.
You slash the wyvern!
The wyvern looks as sick as possible!
The wyvern is moderately wounded.
The wyvern bites you!
* * * LOW HITPOINT WARNING * * *
You hit the wyvern.
The wyvern looks as sick as possible!
The wyvern is heavily wounded.
The wyvern closely misses you. The wyvern bites you!
You die...

### #### #..
..# #.#
#####l#######
#.#
#....@......#
##.##
#.###.#####.#
###...######.#
#.#
#...#......#.#
#.#
#.#...####.#.#
#.# #.##.##
#...# #.#
#.##.# #####
#.# #.##.# #..
..##..


You could see a wyvern (extremely poisoned).

Vanquished Creatures
  5 yaks (D:9)
  Eustachio (D:4)
  A steam dragon (D:8)
  2 orc warriors
  A hornet zombie (D:7)
  A sky beast (D:7)
  2 ogres (D:5)
  A centaur (D:8)
  A phantom (D:5)
  An elf zombie (Ossuary)
  2 scorpions
  A bullfrog zombie (D:3)
  5 centaur zombies
  2 hounds (D:5)
  A jelly (D:4)
  A bullfrog skeleton (D:5)
  2 orc priests
  A gnoll shaman (D:5)
  An iguana (D:7)
  2 centaur skeletons (D:6)
  6 orc wizards
  A killer bee zombie (D:7)
  3 mummies (Ossuary)
  Robin (D:4)
  5 gnolls (D:5)
  4 adders
  2 white imps (D:8)
  4 adder zombies (Ossuary)
  A worm (D:5)
  24 orcs
  2 ball pythons
  2 endoplasms (D:1)
  3 giant cockroaches
  15 goblins
  11 hobgoblins
  4 jackals (D:4)
  2 quokkas
  2 frilled lizards (D:2)
  2 gnoll zombies (Ossuary)
  5 goblin zombies (Ossuary)
  3 jackal zombies (Ossuary)
  3 kobolds
  2 kobold zombies (Ossuary)
  2 orc zombies (Ossuary)
  3 quokka zombies (Ossuary)
  A rat (D:3)
  4 rat zombies (Ossuary)
151 creatures vanquished.

Notes
Turn   | Place    | Note
-------+----------+-------------------------------------------
     0 | D:1      | ryathie the Gargoyle Berserker began the quest for the Orb.
     0 | D:1      | Reached XP level 1. HP: 14/14 MP: 1/1
   287 | D:2      | Reached XP level 2. HP: 10/19 MP: 2/2
   567 | D:1      | Reached XP level 3. HP: 12/24 MP: 3/3
   667 | D:3      | Reached XP level 4. HP: 20/30 MP: 4/4
   807 | D:4      | Reached ** piety under Trog
   932 | D:4      | Found a staircase to the Ecumenical Temple.
   969 | D:4      | Identified the +1 helmet of Ateat {-Cast rElec rF+ rN+}
   969 | D:4      | Noticed Robin
  1015 | D:4      | Killed Robin
  1016 | D:4      | Reached XP level 5. HP: 34/34 MP: 5/5
  1115 | D:4      | Reached skill level 1 in Evocations
  1272 | D:4      | Reached skill level 5 in Fighting
  1272 | D:4      | Reached XP level 6. HP: 26/40 MP: 6/6
  1286 | D:5      | Entered Level 5 of the Dungeon
  1355 | D:5      | Found a shadowy altar of Dithmenos.
  1424 | D:4      | Noticed Eustachio
  1434 | D:4      | Killed Eustachio
  1435 | D:4      | Reached XP level 7. HP: 44/44 MP: 7/7
  1592 | D:5      | Reached skill level 5 in Axes
  1662 | D:5      | Reached skill level 5 in Armour
  1737 | D:5      | Identified a scroll of acquirement
  1737 | D:5      | Acquired the +3 battleaxe "Zuoquy" {venom, +Blink rF- rN+++
                  | Dex-4}
  1764 | D:6      | Reached XP level 8. HP: 52/52 MP: 8/8
  1994 | D:7      | Reached *** piety under Trog
  2137 | D:8      | Found a sand-covered staircase.
  2143 | Ossuary  | Entered an ossuary
  2270 | Ossuary  | Reached **** piety under Trog
  2582 | D:7      | Reached XP level 9. HP: 48/57 MP: 9/9
  3007 | D:9      | Slain by a wyvern

Illustrated notes

Levels and vault maps discovered:
D:1:      tarquinn_simple_flora_water_f, layout_loops_cross
D:2:      layout_loops_ring, ebering_ecumenical_altar_petrified
D:3:      minmay_recursive_quarters, layout_loops_cross,
          minmay_misc_feat_diagonals, st_stairs_4
D:4:      layout_loops_ring, minmay_temple_entry_stoned_glass, uniq_robin,
          uniq_eustachio
D:5:      layout_basic, mainiacjoe_overflow_concentric_impassable
D:6:      layout_basic, glass_columns_a
D:7:      layout_basic, hangedman_abyss_or_decor_stagger
D:8:      layout_loops_ring, serial_shops, shop, nicolae_ossuary_entry_plus,
          minmay_misc_feat_iff
D:9:      layout_loops_ring, nicolae_overflow_crystal_walls,
          chequers_temple_overflow_statue_of_worship, enter_bailey_5

Skill      XL: |  1  2  3  4  5  6  7  8  9 |
---------------+----------------------------+-----
Axes           | 3 4 5 6 8 |  8.3
Fighting       | 4 5 6 7 8 |  8.3
Armour         | 3 4 5 6 7 |  7.4
Evocations     | 1 2 |  2.0
Dodging        | |  1.7

Action                   |  1- 3 |  4- 6 |  7- 9 || total
-------------------------+-------+-------+-------++-------
Melee: Hand axe          |    97 |   140 |     3 ||   240
       Punch             |     1 |     1 |     3 ||     5
       War axe           |       |       |    53 ||    53
       Battleaxe         |       |       |   152 ||   152
Invok: Berserk           |     2 |     4 |     5 ||    11
Evoke: Wand              |       |     1 |       ||     1
  Use: Scroll            |       |     3 |     7 ||    10
       Potion            |       |       |     2 ||     2
Armor: Animal skin       |    32 |     2 |       ||    34
       Scale mail        |       |    79 |   180 ||   259
       Chain mail        |       |       |    20 ||    20
Dodge: Dodged            |    67 |    75 |   151 ||   293
